Map: Jagannatha LE

Players

GOStephano (Stephano)

  • Race: Zerg Zerg
  • League: Grandmaster

SKillous - Winner!

  • Race: Protoss Protoss
  • League: Grandmaster

Event: DreamHack SC2 Masters 2021 Summer

VOD

Have the link to the VOD?

Description

Time

  • Played on: May 21, 2021, 10:14 a.m.
  • Length: 9:25

All games in this series

Show
View Real Time Build Order
Export as new Build Order

GOStephano Zerg 

Build Orders: Hatch First 

Get SALT Encoding   

  12  0:00  Drone  
  13  0:12  Overlord  
  13  0:17  Drone  
  14  0:30  Drone  
  15  0:41  Drone  
  16  0:50  Hatchery  
  16  0:51  Drone  
  16  0:55  Drone  
  17  0:58  Drone  
  18  1:09  Extractor  
  17  1:14  Spawning Pool  
  16  1:18  Drone  
  16  1:20  Drone  
  18  1:28  Drone  
  19  1:39  Drone  
  20  1:50  Drone  
  21  2:01  Queen, Zergling x2  
  21  2:02  Queen  
  21  2:03  Drone  
  27  2:11  Overlord  
  28  2:15  Drone  
  28  2:18  Metabolic Boost  
  28  2:29  Hatchery  
  27  2:32  Zergling x2  
  27  2:35  Drone  
  29  2:39  Drone  
  29  2:44  Queen  
  30  2:49  Overlord  
  33  2:51  Drone  
  33  2:56  Overlord  
  33  2:58  Drone  
  34  3:11  Drone x2  
  36  3:15  Drone x2  
  36  3:16  Drone x2  
  36  3:17  Drone x2  
  42  3:22  Queen  
  44  3:31  Overlord  
  44  3:38  Spore Crawler  
  44  3:39  Zergling x2, Spore Crawler  
  44  3:40  Zergling x2  
  44  3:41  Drone  
  44  3:46  Drone x3  
  44  3:47  Drone  
  49  3:49  Drone  
  49  3:51  Drone  
  51  3:56  Drone x2  
  51  4:01  Drone x2, Spore Crawler  
  54  4:03  Drone  
  54  4:06  Overlord  
  54  4:09  Drone  
  56  4:14  Drone x2  
  58  4:20  Overlord  
  58  4:23  Extractor, Roach Warren  
  56  4:24  Extractor, Drone x2  
  56  4:25  Drone  
  56  4:28  Drone x2  
  59  4:32  Drone x3  
  62  4:41  Overlord  
  62  4:42  Queen  
  64  4:49  Overlord  
  64  4:51  Overlord x2  
  64  4:58  Extractor  
  63  5:00  Extractor, Queen  
  63  5:05  Roach x4  
  72  5:08  Roach  
  72  5:09  Roach  
  72  5:10  Zergling x2  
  72  5:11  Zergling x2  
  78  5:18  Queen  
  79  5:24  Zergling x14  
  82  5:31  Roach x3  
  82  5:33  Queen  
  90  5:42  Overlord x2  
  90  5:45  Roach  
  90  5:46  Roach x2  
  96  5:50  Zergling x4  
  96  5:51  Ravager, Zergling x2  
  96  5:52  Ravager x2  
  102  6:03  Roach x2  
  103  6:07  Zergling x8  
  103  6:08  Zergling x2  
  103  6:20  Zergling x12  
  103  6:22  Ravager  
  110  6:28  Roach  
  110  6:38  Roach x3  
  109  6:42  Zergling x2  
  109  6:43  Zergling x14  
  108  6:47  Ravager  
  108  6:49  Zergling x2  
  108  6:50  Queen  
  108  6:52  Zergling x2  
  103  7:00  Zergling x4  
  95  7:08  Roach x3  
  93  7:10  Queen  
  87  7:16  Zergling x4  
  84  7:24  Zergling x12  
  84  7:25  Queen, Zergling x8  
  88  7:33  Queen  
  88  7:36  Roach x3  
  94  7:43  Roach  
  94  7:44  Roach  
  94  7:45  Queen  
  94  7:51  Roach x2  
  100  7:52  Ravager x4  
  100  7:58  Zergling x20  
  107  8:01  Queen  
  107  8:04  Overlord x2  
  116  8:09  Queen  
  116  8:11  Zergling x4  
  120  8:16  Zergling x2  
  120  8:19  Overlord  
  121  8:22  Queen  
  121  8:25  Zergling x4  
  125  8:32  Zergling x14, Evolution Chamber  
  125  8:33  Ravager x4  
  135  8:36  Queen  
  133  8:43  Roach x4  
  139  8:51  Roach x3  
  137  9:01  Zergling x14  
Show
View Real Time Build Order
Export as new Build Order

SKillous Protoss - Winner!

Build Orders: 1 Gate Expand, Oracle Opening, Archon Immortal 

Get SALT Encoding   

  12  0:00  Probe  
  13  0:12  Probe  
  14  0:20  Pylon  
  14  0:24  Probe  
  15  0:38  Probe (Chrono Boost)  
  15  0:40  Gateway  
  16  0:47  Probe (Chrono Boost)  
  16  0:49  Assimilator  
  17  0:52  Probe  
  18  1:04  Probe  
  19  1:16  Probe  
  20  1:26  Nexus  
  20  1:38  Cybernetics Core  
  20  1:40  Probe  
  21  1:47  Assimilator  
  21  1:53  Probe  
  22  1:57  Pylon  
  22  2:05  Probe  
  23  2:12  Stalker (Chrono Boost)  
  25  2:17  Probe  
  26  2:24  Stargate  
  26  2:29  Probe (Chrono Boost)  
  27  2:31  Warp Gate  
  27  2:35  Adept  
  29  2:40  Probe (Chrono Boost)  
  29  2:43  Probe (Chrono Boost)  
  31  2:48  Probe (Chrono Boost)  
  31  2:49  Probe (Chrono Boost)  
  33  2:53  Probe (Chrono Boost)  
  33  2:58  Probe  
  35  3:04  Oracle (Chrono Boost)  
  35  3:05  Probe  
  36  3:09  Adept  
  36  3:10  Probe  
  42  3:15  Pylon  
  42  3:17  Probe  
  43  3:24  Gateway  
  43  3:28  Probe  
  44  3:36  Oracle (Chrono Boost)  
  44  3:38  Probe  
  44  3:40  Probe  
  49  3:51  Probe, Nexus  
  49  3:55  Pylon  
  50  3:57  Probe  
  51  4:03  Probe  
  51  4:08  Assimilator  
  51  4:09  Probe  
  53  4:10  Assimilator  
  53  4:11  Oracle (Chrono Boost)  
  53  4:15  Probe  
  57  4:18  Pylon  
  57  4:21  Probe  
  57  4:22  Shield Battery  
  58  4:27  Forge  
  57  4:31  Twilight Council  
  57  4:33  Probe (Chrono Boost)  
  59  4:39  Adept  
  59  4:41  Probe (Chrono Boost)  
  59  4:44  Adept  
  59  4:45  Probe (Chrono Boost)  
  64  4:49  Probe (Chrono Boost)  
  64  4:50  Probe (Chrono Boost)  
  66  4:58  Robotics Facility  
  66  5:04  Probe x2 (Chrono Boost), Protoss Ground Weapons Level 1 (Chrono Boost)  
  66  5:06  Probe (Chrono Boost)  
  69  5:11  Charge  
  70  5:15  Probe x2 (Chrono Boost)  
  70  5:17  Gateway  
  70  5:18  Gateway  
  66  5:33  Pylon, Sentry x2  
  66  5:35  Shield Battery  
  64  5:37  Shield Battery  
  64  5:38  Gateway x2  
  64  5:41  Pylon  
  64  5:43  Photon Cannon  
  64  5:46  Immortal (Chrono Boost)  
  68  5:52  Shield Battery  
  68  5:53  Pylon  
  68  5:57  Photon Cannon  
  68  6:00  Zealot  
  68  6:01  Sentry  
  72  6:10  Photon Cannon  
  72  6:15  Zealot  
  72  6:16  Immortal (Chrono Boost)  
  78  6:21  Shield Battery  
  78  6:22  Zealot, Sentry  
  78  6:25  Shield Battery  
  82  6:33  Templar Archives  
  82  6:36  Zealot x2  
  84  6:44  Zealot  
  84  6:45  Zealot  
  80  6:50  Immortal  
  76  6:54  Zealot  
  76  6:55  Probe  
  76  6:57  Zealot x2  
  76  6:59  Probe x2  
  81  7:07  Zealot  
  81  7:08  Zealot  
  84  7:10  Probe (Chrono Boost)  
  84  7:11  Probe (Chrono Boost)  
  84  7:15  Zealot  
  86  7:16  Probe (Chrono Boost)  
  86  7:21  Probe (Chrono Boost)  
  80  7:23  Probe (Chrono Boost), Zealot x2  
  80  7:25  Probe (Chrono Boost)  
  80  7:26  Probe (Chrono Boost)  
  82  7:31  Warp Prism  
  82  7:33  Probe (Chrono Boost)  
  86  7:37  Probe (Chrono Boost)  
  86  7:38  Probe (Chrono Boost)  
  86  7:43  Assimilator  
  85  7:45  Pylon, Assimilator  
  85  7:47  Gateway  
  85  7:48  Gateway x2  
  85  7:49  Probe (Chrono Boost)  
  85  7:53  High Templar x4  
  85  7:55  Sentry  
  85  7:57  Archon  
  95  8:02  Pylon  
  95  8:08  Pylon  
  95  8:11  Archon  
  95  8:13  Immortal (Chrono Boost)  
  95  8:19  Pylon  
  99  8:20  Gateway x2  
  99  8:28  Shield Battery  
  99  8:29  Zealot x2  
  99  8:30  Shield Battery  
  99  8:31  Shield Battery  
  103  8:34  High Templar x2  
  103  8:41  Archon  
  104  8:46  Zealot x4  
  112  8:51  Zealot x2  
  110  9:11  Zealot x4  
  110  9:12  Zealot x4  
  122  9:18  Zealot x2  
Tags
 
Add a new tag
Caveats
  • Supply blocks, unpowered buildings, or Contaminate may cause inaccurate times.
  • Supply counts are checked every 10 seconds.